 Dungeon Crawl Stone Soup version 0.19.0-19-g8c6edcc (webtiles) character file.

177 Minion the Chiller (level 5, 0/28 HPs)
             Began as a Gargoyle Ice Elementalist on Nov 14, 2016.
             Killed by divine providence
             ... invoked by an orc priest
              (12 damage)
             ... on level 4 of the Dungeon.
             The game lasted 00:12:05 (4075 turns).

Minion the Chiller (Gargoyle Ice Elementalist)      Turns: 4075, Time: 00:12:05

Health: 0/28       AC:  7    Str: 12    XL:     5   Next: 57%
Magic:  4/10       EV: 17    Int: 16    God:
Gold:   65         SH:  0    Dex: 10    Spells: 3 memorised, 2 levels left

rFire  . . .     SeeInvis .     (no weapon)
rCold  . . .     Gourm    .     a - +1 robe
rNeg   + . .     Faith    .     (no shield)
rPois  ∞         Spirit   .     (no helmet)
rElec  +         Reflect  .     (no cloak)
rCorr  .         Harm     .     (no gloves)
MR     .....                    (no boots)
Stlth  +.........               (no amulet)
                                f - +5 ring of evasion
                                e - ring of loudness (curse)

@: no status effects
A: negative energy resistance 1, electricity resistance, unbreathing,
petrification resistance, rot immunity, AC +4
a: no special abilities


You were on level 4 of the Dungeon.
You were not hungry.

You visited 1 branch of the dungeon, and saw 4 of its levels.

You collected 65 gold pieces.

Inventory:

Armour
 a - a +1 robe (worn)
Jewellery
 e - a cursed ring of loudness (left hand)
 f - a +5 ring of evasion (right hand)
Scrolls
 d - 2 scrolls of identify
 j - a scroll of amnesia
 m - 2 scrolls of magic mapping
Potions
 g - a potion of degeneration {unknown}
 h - a potion of resistance {unknown}
 k - 2 potions of brilliance {unknown}
 l - 2 potions of might
 n - 2 potions of haste {unknown}
 q - a potion of curing {unknown}
 s - a potion of heal wounds {unknown}
Books
 b - a book of Frost

   Spells                             Type                      Level
   a - Freeze                         Ice                          1
   b - Throw Frost                    Conjuration/Ice              2
   c - Ozocubu's Armour               Charms/Ice                   3
   d - Throw Icicle                   Conjuration/Ice              4
   e - Summon Ice Beast               Ice/Summoning                4
Comestibles
 c - a bread ration
 i - 3 fruits


   Skills:
 - Level 1.5 Dodging
 - Level 2.1 Stealth
 + Level 3.9 Spellcasting
 - Level 1.1 Conjurations
 + Level 4.7 Ice Magic


You had 2 spell levels left.
You knew the following spells:

 Your Spells              Type           Power        Failure   Level  Hunger
a - Summon Ice Beast      Ice/Summ       ##......     75%         4    ####...
b - Throw Frost           Conj/Ice       ##....       10%         2    ##.....
c - Ozocubu's Armour      Chrm/Ice       ##......     21%         3    ###....


Dungeon Overview and Level Annotations

Branches:
Dungeon (4/15)
 Temple: D:4-7

Altars:
Uskayaw


Innate Abilities, Weirdness & Mutations

You are resistant to torment.
Your stone body is resilient. (AC +4)
You are immune to poison.
You resist negative energy. (rN+)
You are resistant to electric shocks. (rElec)
You can survive without breathing.
You are immune to petrification.
You are immune to rotting.


Message History

Aim: an orc, wielding a mace The puff of frost hits the orc.
The orc is severely wounded.
The orc priest mumbles some strange prayers to Beogh against you.
Beogh smites you!
Ouch! That really hurt!
Casting: Throw Frost
Confirm with . or Enter, or press ? or * to list all spells.
Aiming: Throw Frost
Press: ? - help, Shift-Dir - straight line, f/p - orc
Aim: an orc, wielding a mace (severely wounded)
The puff of frost misses the orc.
An orc wizard comes into view. It is wielding a dagger.
The orc wizard shouts!
The orc wizard casts a spell.
The orc wizard flickers and vanishes!
Deactivating autopickup; reactivate with Ctrl-A.
The orc priest calls down the wrath of Beogh upon you.
Beogh smites you!
You die...

#.# .+....
##)##.#....##
#............
#.>..........
#.)<.......#
######+#........####
#..................#
#................#.#
#.........@........#
######+###.........#
#.............#
#............<#.#.
.......#...o........
.......#........#.#
.......####.#o..#
####### #.#...#
#.#.....


You could see an orc priest and an orc.

Vanquished Creatures
  A hound (D:3)
  7 adders
  3 oozes
  A dart slug (D:1)
  2 leopard geckos (D:3)
  5 orcs
  2 giant cockroaches (D:1)
  7 hobgoblins
  6 kobolds
  2 quokkas (D:2)
  A ball python (D:2)
  11 bats
  2 frilled lizards
  9 goblins
  8 rats
67 creatures vanquished.

Notes
Turn   | Place    | Note
-------+----------+-------------------------------------------
     0 | D:1      | Minion the Gargoyle Ice Elementalist began the quest for the Orb.
     0 | D:1      | Reached XP level 1. HP: 10/10 MP: 3/3
   311 | D:1      | Reached XP level 2. HP: 10/15 MP: 0/5
   428 | D:1      | Learned a level 2 spell: Throw Frost
   754 | D:1      | Reached XP level 3. HP: 19/19 MP: 1/6
  1788 | D:2      | Reached skill level 4 in Ice Magic
  1908 | D:2      | Learned a level 3 spell: Ozocubu's Armour
  1982 | D:2      | Reached XP level 4. HP: 16/24 MP: 0/8
  2606 | D:2      | Noticed a hand axe
  2606 | D:2      | Found a hide-covered altar of Uskayaw.
  2607 | D:2      | Noticed a dagger
  3012 | D:3      | Reached XP level 5. HP: 28/28 MP: 0/10
  3121 | D:3      | Learned a level 4 spell: Summon Ice Beast
  4075 | D:4      | Killed from afar by an orc priest

Skill      XL: |  1  2  3 |
---------------+----------+-----
Ice Magic      | 4 |  4.7
Spellcasting   | 3 |  3.9
Dodging        | |  1.5
Stealth        | |  2.1
Conjurations   | |  1.1

Action                   |  1- 3 |  4- 6 || total
-------------------------+-------+-------++-------
Melee: Unarmed           |   124 |   122 ||   246
 Cast: Freeze            |    11 |       ||    11
       Throw Frost       |    30 |    61 ||    91
       Ozocubu's Armour  |     1 |       ||     1
  Use: Scroll            |       |     9 ||     9
  Eat: Chunk             |     4 |     2 ||     6
       Beef jerky        |     1 |     1 ||     2
       Bread ration      |       |     2 ||     2
Armor: Robe              |    66 |    39 ||   105
Dodge: Dodged            |   131 |   124 ||   255
